 Dungeon Crawl Stone Soup version 0.30-a0-585-g93115170b9 (webtiles) character file.

Game seed: 10394865793005878721

29720 wormed the Skirmisher (level 12, -14/104 HPs)
             Began as a Demigod Hunter on Jan 2, 2023.
             Demolished by a black mamba (21 damage)
             ... on level 1 of the Lair of Beasts.
             The game lasted 00:23:43 (15116 turns).

wormed the Skirmisher (Demigod Hunter)             Turns: 15116, Time: 00:23:43

Health: -14/104    AC:  8    Str: 12    XL:     12   Next: 85%
Magic:  15/15      EV: 26    Int: 14    God:
Gold:   893        SH:  0    Dex: 33    Spells: 11/11 levels left

rFire   . . .      SeeInvis .    M - +4 triple crossbow (freeze)
rCold   . . .      Faith    .    (shield currently unavailable)
rNeg    . . .      Spirit   .    g - +0 acid dragon scales
rPois   .          Reflect  .    c - +0 hat {Int+3}
rElec   .          Harm     .    f - +0 cloak
rCorr   +          Rampage  .    (no gloves)
Will    ++...      Rage     3%   A - +0 pair of boots
Stlth   ++                       w - amulet of regeneration
HPRegen 1.17/turn                k - +5 ring of evasion
MPRegen 0.14/turn                m - ring of willpower

@: lethally poisoned (-14 -> -16), on berserk cooldown, slowed, unable to drink,
very slow
A: high MP 1, forlorn, divine attributes, fangs 1, berserk 1, no potion heal 1,
inability to drink after injury 1
a: no special abilities


You were on level 1 of the Lair of Beasts.
You visited 3 branches of the dungeon, and saw 16 of its levels.

You collected 893 gold pieces.

Inventory:

Hand Weapons
 M - a +4 triple crossbow of freezing (weapon)
Missiles
 a - a throwing net
Armour
 c - a +0 hat of intelligence (worn)
 f - a +0 cloak (worn)
 g - +0 acid dragon scales (worn)
 A - a +0 pair of boots (worn)
Jewellery
 k - a +5 ring of evasion (left hand)
 m - a ring of willpower (right hand)
 q - an amulet of the acrobat
 u - an amulet of magic regeneration
 w - an amulet of regeneration (around neck)
 y - a ring of positive energy
 z - an amulet of guardian spirit
Wands
 i - a wand of paralysis (9)
 l - a wand of polymorph (14)
 E - a wand of mindburst (23)
 G - a wand of roots (4)
Scrolls
 b - 3 scrolls of immolation
 d - 4 scrolls of vulnerability
 D - 2 scrolls of identify
 F - a scroll of amnesia
 H - 2 scrolls of enchant armour
Potions
 e - 2 potions of berserk rage
 h - a potion of attraction
 n - 3 potions of cancellation
 o - 2 potions of haste
 r - 4 potions of degeneration
 s - 2 potions of invisibility (quivered)
 v - 2 potions of flight
 x - 3 potions of might
 B - a potion of lignification
 K - a potion of brilliance


   Skills:
 + Level 9.1 Fighting
 * Level 14.8 Ranged Weapons
 + Level 9.2 Dodging
 - Level 0.8 Stealth
 + Level 4.5 Evocations


You had 11 spell levels left.
You didn't know any spells.
Your spell library contained the following spells:

 Spells                   Type           Power      Damage    Failure   Level
 Apportation              Tloc           0%         N/A       41%         1
 Kiss of Death            Conj/Necr      0%         2d5       41%         1
 Necrotise                Necr           0%         1d4       41%         1
 Summon Small Mammal      Summ           0%         N/A       41%         1
 Confusing Touch          Hex            0%         N/A       78%         3
 Vampiric Draining        Necr           0%         2d6       78%         3
 Animate Dead             Necr           0%         N/A       99%         4
 Dispel Undead            Necr           0%         3d6       99%         4
 Agony                    Necr           0%         N/A       100%        5
 Borgnjor's Vile Clutch   Necr/Erth      0%         N/A       100%        5
 Death Channel            Necr           0%         N/A       100%        6


Dungeon Overview and Level Annotations

Branches:
Dungeon (12/15)            Temple (0/1) D:7            Lair (3/5) D:11
 Shoals (0/4) Lair:2       Spider (0/4) Lair:3          Orc (1/2) D:9

Shops:
D:6 (   D:9 [(

Annotations:
D:9 exclusion: orange crystal statue
D:11 1 runed translucent door, jejorda2's ghost, journeyman MfBe
Lair:1 Heh's ghost, journeyman OpBe
Lair:2 1 transporter, Kaluijim's ghost, journeyman SpEn


Innate Abilities, Weirdness & Mutations

You have an increased reservoir of magic. (+10% MP)
You shall have no god before yourself.
Your divine heritage dramatically boosts your attributes as you level up.
You have very sharp teeth.
You sometimes lose your temper in combat.
Potions are less effective at restoring your health.
You occasionally lose the ability to drink potions when taking damage.


Message History

The black mamba completely misses you. The wolf completely misses you.
The black mamba bites you! The wolf misses you. The black mamba bites you!
The wolf barely misses you. The black mamba misses you.
You shoot a bolt. The bolt misses the wolf.
The wolf closely misses you. The black mamba closely misses you.
The wolf completely misses you. The black mamba closely misses you.
The wolf closely misses you. The black mamba barely misses you.
The wolf misses you. The black mamba bites you! The wolf bites you!
The black mamba bites you!
* * * LOW HITPOINT WARNING * * *
The wolf completely misses you. The black mamba closely misses you.
The wolf bites you but does no damage. The black mamba completely misses you.
It was a potion of experience.
You feel more experienced!
Your Ranged Weapons skill increases to level 14!
You have reached level 12!
Your experience leads to a dramatic increase in your attributes!
Your base attributes are Str 12, Int 11, Dex 29.
Increase (S)trength, (I)ntelligence, or (D)exterity?
The black mamba barely misses you. The wolf closely misses you.
The black mamba bites you!!
You feel threatened and lose the ability to drink potions!
* * * LOW HITPOINT WARNING * * *
You are poisoned.
The black mamba poisons you! The wolf closely misses you.
The black mamba barely misses you. The wolf completely misses you.
The black mamba misses you. The wolf completely misses you.
Level annotation: Heh's ghost, journeyman OpBe Welcome back, wormed the Demigod Hunter.
Press ? for a list of commands and other information.
You have reached level 12!
Your experience leads to a dramatic increase in your attributes!
Your base attributes are Str 12, Int 11, Dex 29.
Increase (S)trength, (I)ntelligence, or (D)exterity?
You feel agile. x4
You cannot drink potions in your current state!
As you read the scroll of summoning, it crumbles to dust.
Wisps of shadow whirl around you...
You feel very sick. The black mamba bites you!!
You die...

..####...#..^.........#.# ##.##
.......................## #...
...###.................# #..(
.......................# #...
...#..................## #.#.
........##...........## #...
...#....###...FFSFF..# ####
...#....#.#.....hS..F## #.
............####@###..## ##
........#####..###.##..#
........#©...#......##.##
.......##..S#...#....#..## ###
.......#......#..##..#..P####P###
.......#..##.W©..#...#...........
....(..#(...y#.....#.##.P.###.P##
..##.#.##.##.Y=###....#..........
..##.#..#....=!Y?Y#..##..........


You could see a black mamba (berserk, ally target), a wolf (berserk, ally
target), a friendly black mamba (summoned), 2 friendly cane toads and 3 friendly
blink frogs.

Vanquished Creatures
  Gastronok (D:9)
  2 two-headed ogres (D:10)
  Amaemon (Lair:1)
  2 oklob plants (D:11)
  A manticore (D:11)
  A cyclops (D:11)
  A water nymph (Lair:2)
  A black mamba (Lair:1)
  Joseph (D:9)
  An orange demon (Lair:1)
  Maggie (D:9)
  2 kobold demonologists (D:10)
  5 cane toads
  A komodo dragon (Lair:1)
  A rime drake (Lair:2)
  A polar bear (Lair:1)
  2 trolls
  5 blink frogs (Lair:1)
  A hornet (Lair:2)
  Prince Ribbit (D:8)
  A wyvern (Lair:1)
  A steam dragon (D:8)
  11 yaks
  Menkaure (D:7)
  7 water moccasins
  Duvessa (D:7)
  2 black bears
  5 orc warriors
  A sky beast (D:8)
  2 ice beasts (D:7)
  5 centaurs
  An ogre (D:7)
  2 kobold brigands (D:10)
  8 bullfrogs
  3 scorpions
  Dowan (D:7)
  5 killer bees
  4 howler monkeys
  A quasit (D:6)
  4 hounds
  6 orc priests
  A gnoll bouda (D:5)
  5 jellies
  Crazy Yiuf (D:2)
  An iguana (D:6)
  Ijyb (D:5)
  11 orc wizards
  12 gnolls
  8 adders
  5 shadow imps
  6 white imps
  6 ufetubi
  A worm (D:3)
  2 dart slugs
  39 orcs
  6 ball pythons
  7 endoplasms
  4 giant cockroaches
  8 goblins
  10 hobgoblins
  A quokka (D:3)
  6 bats
  6 frilled lizards
  16 kobolds
  7 rats
274 creatures vanquished.

Vanquished Creatures (others)
  4 demonic plants (D:6)
  9 fungi
  12 plants
25 creatures vanquished.

Grand Total: 299 creatures vanquished

Notes
Turn   | Place    | Note
-------+----------+-------------------------------------------
     0 | D:1      | wormed the Demigod Hunter began the quest for the Orb.
     0 | D:1      | Reached XP level 1. HP: 17/17 MP: 3/3
   179 | D:1      | Reached XP level 2. HP: 24/24 MP: 4/4
   327 | D:1      | Reached skill level 4 in Ranged Weapons
   500 | D:2      | Reached XP level 3. HP: 27/29 MP: 5/5
   714 | D:2      | Found a runed translucent door.
   715 | D:2      | Noticed Crazy Yiuf
  1194 | D:2      | Killed Crazy Yiuf
  1249 | D:3      | Reached XP level 4. HP: 37/37 MP: 6/6
  2169 | D:4      | Reached skill level 5 in Ranged Weapons
  2169 | D:4      | Reached XP level 5. HP: 44/44 MP: 7/7
  3014 | D:5      | Entered Level 5 of the Dungeon
  3014 | D:5      | Noticed Ijyb
  3016 | D:5      | Paralysed by Ijyb for 2 turns
  3019 | D:5      | Killed Ijyb
  3349 | D:5      | Noticed a black bear
  3358 | D:5      | Killed a black bear
  3359 | D:5      | Reached XP level 6. HP: 23/51 MP: 3/8
  4061 | D:5      | Reached skill level 6 in Ranged Weapons
  4397 | D:6      | Found Xaomet's Weapon Emporium.
  4436 | D:6      | Noticed a water moccasin
  4442 | D:6      | Killed a water moccasin
  4443 | D:6      | Reached XP level 7. HP: 58/59 MP: 9/9
  5080 | D:6      | Reached skill level 7 in Ranged Weapons
  5236 | D:6      | Reached XP level 8. HP: 67/67 MP: 10/10
  5505 | D:7      | Reached skill level 5 in Fighting
  5505 | D:7      | Reached skill level 5 in Dodging
  5553 | D:7      | Reached skill level 8 in Ranged Weapons
  5728 | D:7      | Noticed Duvessa
  5731 | D:7      | Noticed Dowan
  6023 | D:7      | Found a staircase to the Ecumenical Temple.
  6034 | D:7      | Noticed Menkaure
  6043 | D:7      | Killed Menkaure
  6044 | D:7      | Reached XP level 9. HP: 42/75 MP: 6/11
  6260 | D:7      | Identified the +6 spear "Gefeffeu" {flame, rC+}
  6512 | D:7      | Reached skill level 9 in Ranged Weapons
  6601 | D:7      | Killed Duvessa
  6609 | D:7      | Killed Dowan
  6694 | D:8      | Noticed Prince Ribbit
  6713 | D:8      | Killed Prince Ribbit
  8019 | D:9      | Noticed Joseph
  8117 | D:9      | Reached skill level 10 in Ranged Weapons
  8125 | D:9      | Found Icabaa's Armour Emporium.
  8135 | D:9      | Found a staircase to the Orcish Mines.
  8139 | D:9      | Found Piuppod's Weapon Emporium.
  8461 | D:9      | Killed Joseph
  8678 | D:8      | Gained mutation: You occasionally lose the ability to drink
                  | potions when taking damage. [potion of mutation]
  8678 | D:8      | Gained mutation: You sometimes lose the ability to drink
                  | potions when taking damage. [potion of mutation]
  8678 | D:8      | Gained mutation: Your mind is acute. (Int +4, Str/Dex -1)
                  | [potion of mutation]
  8678 | D:8      | Gained mutation: Your natural rate of healing is unusually
                  | fast. [potion of mutation]
  8829 | D:8      | Reached XP level 10. HP: 59/86 MP: 4/13
  9003 | D:9      | Noticed an orange crystal statue
  9145 | D:9      | Noticed Maggie
  9156 | D:9      | Killed Maggie
  9225 | D:9      | Noticed Gastronok
  9261 | D:9      | Killed Gastronok
  9262 | D:9      | Reached skill level 11 in Ranged Weapons
  9611 | D:9      | Noticed a two-headed ogre
  9635 | Orc:1    | Entered Level 1 of the Orcish Mines
  9772 | D:10     | Entered Level 10 of the Dungeon
  9809 | D:10     | Noticed a two-headed ogre
  9832 | D:10     | Killed a two-headed ogre
 10099 | D:10     | Noticed a soul eater
 10230 | D:10     | Noticed a sixfirhy
 10329 | D:10     | Reached skill level 1 in Evocations
 10461 | D:10     | Noticed a two-headed ogre
 10470 | D:10     | Killed a two-headed ogre
 10752 | D:11     | Noticed a cyclops
 10825 | D:11     | Lost mutation: Your natural rate of healing is unusually
                  | fast. [potion of mutation]
 10825 | D:11     | Lost mutation: Your mind is acute. (Int +4, Str/Dex -1)
                  | [potion of mutation]
 10825 | D:11     | Lost mutation: You sometimes lose the ability to drink
                  | potions when taking damage. [potion of mutation]
 10825 | D:11     | Gained mutation: Potions are less effective at restoring
                  | your health. [potion of mutation]
 10825 | D:11     | Gained mutation: You are frail. (-10% HP) [potion of
                  | mutation]
 10825 | D:11     | Gained mutation: A frigid envelope surrounds you and
                  | freezes all who hurt you. [potion of mutation]
 10826 | D:11     | Lost mutation: A frigid envelope surrounds you and freezes
                  | all who hurt you. [potion of mutation]
 10826 | D:11     | Lost mutation: You are frail. (-10% HP) [potion of
                  | mutation]
 10826 | D:11     | Gained mutation: You have very sharp teeth. [potion of
                  | mutation]
 10826 | D:11     | Gained mutation: You sometimes lose your temper in combat.
                  | [potion of mutation]
 11083 | D:11     | Reached XP level 11. HP: 36/94 MP: 6/14
 11330 | D:11     | Noticed jejorda2's ghost (journeyman MfBe)
 11335 | D:11     | Found a runed translucent door.
 11373 | D:11     | Reached skill level 12 in Ranged Weapons
 11499 | D:11     | Found a staircase to the Lair.
 11838 | D:11     | You fall into a shaft and drop 1 floor!
 12059 | D:11     | Identified the +0 robe of Duck's Teeth {rF- Str+2 Int+9}
 12365 | Lair:1   | Entered Level 1 of the Lair of Beasts
 12426 | Lair:1   | Noticed Amaemon
 12471 | Lair:1   | Killed Amaemon
 12737 | Lair:1   | Found a transporter.
 12807 | Lair:1   | Noticed Heh's ghost (journeyman OpBe)
 13490 | Lair:1   | Found a transporter.
 13964 | Lair:2   | Noticed a four-headed hydra
 13964 | Lair:2   | Noticed a death yak
 13975 | Lair:2   | Paralysed by a hornet for 2 turns
 14167 | Lair:2   | Found a transporter.
 14178 | Lair:2   | Reached skill level 13 in Ranged Weapons
 14178 | Lair:2   | Found a transporter.
 14179 | Lair:2   | Noticed Kaluijim's ghost (journeyman SpEn)
 14952 | Lair:3   | Found a hole to the Spider Nest.
 14952 | Lair:3   | Noticed an orb spider
 15115 | Lair:1   | Reached skill level 14 in Ranged Weapons
 15116 | Lair:1   | Reached XP level 12. HP: 11/104 MP: 15/15
 15116 | Lair:1   | Demolished by a black mamba

Illustrated notes

Levels and vault maps discovered:
D:1:      beargit_arrival_greenhouse, layout_basic
D:2:      layout_basic, chequers_arboretum, minmay_tromino_v2,
          uniq_crazy_yiuf_cottage
D:3:      layout_basic, nicolae_overflow_squiral
D:4:      layout_loops_corners, serial_forest, infiniplex_forest_end_1,
          infiniplex_forest_lined_1, infiniplex_forest_end_1,
          infiniplex_forest_end_2, infiniplex_forest_clump_diagonal,
          infiniplex_forest_clump_small, infiniplex_forest_clump_diagonal,
          infiniplex_forest_clump_tiny, chequers_serial_rivers_room_a
D:5:      layout_basic, lemuel_crystal_altar, uniq_ijyb
D:6:      layout_loops_ring, serial_shops, shop_fountains, serial_demonic,
          serial_demonic_e, serial_demonic_a, serial_demonic_g, serial_demonic_f
D:7:      minmay_s_stair_smasher, layout_basic,
          minmay_temple_entry_stoned_glass, uniq_menkaure, uniq_duvessa
D:8:      layout_layer_cave, chequers_temple_overflow_statue_of_worship,
          uniq_prince_ribbit1
D:9:      layout_irregular_city, grunt_temple_overflow_forces_of_nature,
          orc_david_3, minivault_16, uniq_maggie, uniq_joseph, uniq_gastronok
D:10:     layout_basic, minmay_misc_feat_pillars
D:11:     layout_stronghold, dpeg_oklobed_lair, hellmonk_ghost_happy_afterlife
D:12:     gammafunk_jiyva_shrine, layout_irregular_city
Lair:1:   layout_gridlike, gammafunk_ghost_berserking_beasts, lemuel_fruit_tree,
          uniq_amaemon
Lair:2:   layout_roguey, nicolae_shoals_entry_flooding, nzn_ghost_randoct,
          chequers_serial_rivers_room_b
Lair:3:   layout_big_grid, nicolae_spider_entry_orb_guardian,
          serial_bayou_shore_b, serial_bayou_shore_a, serial_bayou_shore_b,
          infiniplex_staircase_pool, lemuel_fruit_fields
Orc:1:    layout_caves, portal_ice_cave_entry_pillars_2

Skill      XL: |  1  2  3  4  5  6  7  8  9 10 11 |
---------------+----------------------------------+-----
Fighting       | 2 3 4 5 7 8 9 |  9.1
Dodging        | 2 3 4 5 7 8 9 |  9.2
Ranged Weapons | 4 5 6 7 8 10 11 14 | 14.8
Evocations     | 2 4 |  4.5
Stealth        | |  0.8

Action                   |  1- 3 |  4- 6 |  7- 9 | 10-12 || total
-------------------------+-------+-------+-------+-------++-------
Melee: Shortbow          |       |       |       |     1 ||     1
 Fire: Shortbow          |    95 |   177 |   457 |   611 ||  1340
       Triple crossbow   |       |       |       |     5 ||     5
Evoke: Wand              |       |       |     1 |     1 ||     2
  Use: Scroll            |       |    12 |     8 |    12 ||    32
       Potion            |       |       |     9 |     6 ||    15
Armor: Leather armour    |     6 |    16 |    53 |     8 ||    83
       Acid dragon scale |       |       |       |    72 ||    72
Dodge: Dodged            |    23 |   125 |   572 |   613 ||  1333

Table legend: (Time is in decaauts)
 A = Elapsed time spent in this place.
 B = Non-inter-level travel time spent in this place.
 C = Inter-level travel time spent in this place.
 D = Time resting spent in this place.
 E = Time spent auto-exploring this place.
 F = Levels seen in this place.
 G = Mean time per level.
                   A        B        C        D        E       F      G
               +--------+--------+--------+--------+--------+-----+--------+
         Total |  15344 |  14833 |    511 |    441 |  11492 |  16 |  959.0 |
       Dungeon |  12581 |  12137 |    444 |    441 |   9299 |  12 | 1048.4 |
          Lair |   2745 |   2678 |     67 |      0 |   2192 |   3 |  915.0 |
  Orcish Mines |     17 |     17 |      0 |      0 |      0 |   1 |   17.0 |
               +--------+--------+--------+--------+--------+-----+--------+

Top non-repeatable levels by time:
     D:8: 1744 daAuts
  Lair:1: 1526 daAuts
    D:11: 1467 daAuts
     D:9: 1432 daAuts
     D:5: 1357 daAuts
     D:7: 1289 daAuts
  Lair:2: 1184 daAuts
     D:6: 1148 daAuts
     D:4: 1125 daAuts
    D:10: 952 daAuts
     D:2: 800 daAuts
     D:3: 676 daAuts
     D:1: 476 daAuts
    D:12: 109 daAuts
  Lair:3: 34 daAuts
